 Dungeon Crawl Stone Soup version 0.23.0-3-gf3c87f2df8 (webtiles) character file.

Game seed: 11755284246212774868

713 Murks the Poker (level 7, -10/50 HPs)
             Began as an Octopode Gladiator on Feb 23, 2019.
             Was an Initiate of Ru.
             Killed by divine providence
             ... invoked by an orc priest
              (13 damage)
             ... on level 5 of the Dungeon.
             The game lasted 00:18:57 (6138 turns).

Murks the Poker (Octopode Gladiator)                Turns: 6138, Time: 00:18:57

Health: -10/50     AC:  1    Str: 13      XL:     7   Next: 69%
Magic:  7/7        EV: 14    Int: 10 (11) God:    Ru [......]
Gold:   91         SH:  0    Dex: 14 (15) Spells: 6/6 levels left

rFire    + . .     SeeInvis .   a - +0 trident
rCold    + . .     Gourm    .   (no shield)
rNeg     . . .     Faith    .   m - +0 hat
rPois    +         Spirit   .   (no amulet)
rElec    +         Reflect  .   (no ring)
rCorr    +         Harm     .   (no ring)
MR       .....                  (no ring)
Stlth    ++........             (no ring)
HPRegen  0.16/turn              (no ring)
MPRegen  0.10/turn              (no ring)
                                (no ring)
                                (no ring)

@: resistant
A: almost no armour, stealthy swim, amphibious, 8 rings, constrict 8, camouflage
1, gelatinous body 1
a: Sacrifice Stealth, Sacrifice Skill, Sacrifice Drink, Reject Sacrifices,
Renounce Religion


You were on level 5 of the Dungeon.
You worshipped Ru.
Ru was noncommittal.
You were not hungry.

You visited 2 branches of the dungeon, and saw 6 of its levels.

You collected 91 gold pieces.

Inventory:

Hand Weapons
 a - a +0 trident (weapon)
 b - a +0 hunting sling
Missiles
 c - 3 throwing nets
 h - 205 stones (quivered)
 u - 50 sling bullets
Armour
 m - a +0 hat (worn)
Jewellery
 e - an uncursed amulet of faith {unknown}
 o - a cursed ring of ice {unknown}
Wands
 s - a wand of disintegration (9)
Scrolls
 f - a scroll of fear {unknown}
 g - 2 scrolls of random uselessness {unknown}
 i - 3 scrolls of identify {unknown}
 j - 2 scrolls of noise {unknown}
 k - 5 scrolls of remove curse {unknown}
 l - a scroll of enchant armour {unknown}
 n - a scroll of teleportation {unknown}
 p - a scroll of enchant weapon {unknown}
 q - a scroll of magic mapping {unknown}
Potions
 r - a potion of flight
Comestibles
 d - 4 rations


   Skills:
 - Level 5.0 Fighting
 * Level 7.4 Polearms
 - Level 2.0 Throwing
 + Level 3.0 Dodging
 + Level 0.0 Stealth


You had 6 spell levels left.
You didn't know any spells.
Your spell library was empty.

Dungeon Overview and Level Annotations

Branches:
Dungeon (5/15)             Temple (1/1) D:4

Altars:
Cheibriados
Dithmenos
Elyvilon
Fedhas
Gozag
Hepliaklqana
Kikubaaqudgha
Makhleb
Nemelex Xobeh
Okawaru
Qazlal
Ru
Sif Muna
Uskayaw
Vehumet
Wu Jian
Xom
Zin
The Shining One


Innate Abilities, Weirdness & Mutations

You cannot wear most types of armour.
You are very stealthy in the water. (Stealth+)
You are amphibious.
You can wear up to eight rings at the same time.
You can use your tentacles to constrict eight enemies at once.
Your skin changes colour to match your surroundings (Stealth+).
Your rubbery body absorbs attacks. (AC +1, EV +1)


Message History

You feel less confused. Something hits you.
The bullfrog hits you but does no damage.
The bullfrog hits you. The bullfrog completely misses you.
The bullfrog barely misses you. The bullfrog completely misses you.
The bullfrog hits you. The bullfrog hits you!
* * * LOW HITPOINT WARNING * * *
All of the chunks of flesh in your inventory have rotted away.
The bullfrog hits you!
* * * LOW HITPOINT WARNING * * *
It was a potion of resistance.
You feel protected. The bullfrog closely misses you. The bullfrog misses you.
The bullfrog barely misses you.
The orc priest invokes the aid of Beogh against you.
Beogh smites you!
You die...

#######..#
#..........##
#.......##
#...<......#
..#######
#..........# ###
#|.......... #
##........... #
###.......###.$ #
#######.........# .
# ##...............#
# #.........@......#
##
##.####.....####...#
.## ##.## ##.F###
#... ..###..# #.o#
#.# ##....## #.## #.
##..## #o.# ####
#..# ##.## #####
#o.##


You could see a bullfrog, an orc priest and an orc.

Vanquished Creatures
  Grinder (D:4)
  A scorpion (D:4)
  A howler monkey (D:4)
  A crimson imp (D:5)
  A hound (D:5)
  A jelly (D:2)
  An iguana (D:4)
  2 worker ants (D:4)
  A killer bee zombie (D:5)
  Robin (D:3)
  6 gnolls
  5 adders
  An ooze (D:4)
  A worm (D:2)
  A dart slug (D:3)
  4 leopard geckos
  12 orcs
  5 giant cockroaches
  20 goblins
  14 hobgoblins
  4 jackals
  A quokka (D:3)
  2 ball pythons
  12 bats
  4 frilled lizards
  10 kobolds
  5 rats
118 creatures vanquished.

Notes
Turn   | Place    | Note
-------+----------+-------------------------------------------
     0 | D:1      | Murks the Octopode Gladiator began the quest for the Orb.
     0 | D:1      | Reached XP level 1. HP: 14/14 MP: 1/1
   169 | D:1      | Reached XP level 2. HP: 19/19 MP: 2/2
   641 | D:1      | Found a shimmering altar of Xom.
   643 | D:1      | Found a hazy altar of Hepliaklqana.
   643 | D:1      | Found a blossoming altar of Fedhas.
   649 | D:1      | Reached XP level 3. HP: 25/25 MP: 3/3
   653 | D:1      | Found a basalt altar of Yredelemnul.
   653 | D:1      | Found a shattered altar of Ashenzari.
   653 | D:1      | Found a hazy altar of Hepliaklqana.
  1019 | D:2      | Reached skill level 4 in Polearms
  1090 | D:2      | Reached XP level 4. HP: 30/30 MP: 4/4
  1434 | D:2      | Found an ancient bone altar of Kikubaaqudgha.
  1434 | D:2      | Found an opulent altar of Gozag.
  1940 | D:2      | Reached XP level 5. HP: 28/36 MP: 5/5
  2041 | D:3      | Found a white marble altar of Elyvilon.
  2242 | D:3      | Reached skill level 5 in Polearms
  2299 | D:3      | Noticed Robin
  2885 | D:3      | Killed Robin
  3379 | D:4      | Reached XP level 6. HP: 43/43 MP: 6/6
  3448 | D:4      | Found a staircase to the Ecumenical Temple.
  3476 | Temple   | Entered the Ecumenical Temple
  3606 | Temple   | Became a worshipper of Ru the Awakened
  4195 | D:4      | Noticed Grinder
  4209 | D:4      | Killed Grinder
  4209 | D:4      | Reached skill level 6 in Polearms
  4209 | D:4      | Reached XP level 7. HP: 28/49 MP: 7/7
  4817 | D:4      | Reached skill level 7 in Polearms
  5410 | D:5      | Entered Level 5 of the Dungeon
  6106 | D:5      | Reached skill level 5 in Fighting
  6133 | D:5      | HP: 2/50 [bullfrog (9)]
  6138 | D:5      | Killed from afar by an orc priest

Skill      XL: |  1  2  3  4  5  6  7 |
---------------+----------------------+-----
Polearms       | 4 5 6 7 |  7.4
Fighting       | 3 4 5 |  5.0
Throwing       | |  2.0
Dodging        | |  3.0

Action                   |  1- 3 |  4- 6 |  7- 9 || total
-------------------------+-------+-------+-------++-------
Melee: Trident           |    72 |   107 |    76 ||   255
       Constrict         |    15 |    21 |    11 ||    47
       Tentacles         |    11 |    14 |     6 ||    31
 Fire: Hunting sling     |       |    81 |    28 ||   109
Throw: Stone             |    23 |    10 |       ||    33
  Use: Potion            |       |     3 |     1 ||     4
 Stab: Sleeping          |       |     5 |     2 ||     7
  Eat: Chunk             |     1 |     8 |     5 ||    14
       Ration            |       |       |     1 ||     1
Armor: Skin              |     2 |     8 |     3 ||    13
Dodge: Dodged            |    34 |    75 |    46 ||   155
